 Dungeon Crawl Stone Soup version 0.29-a0-221-gceb61267dd (webtiles) character file.

Game seed: 8786320978729848314

56 Hasart the Bolt Thrower (level 3, 0/29 HPs)
             Began as a Demigod Hunter on Feb 27, 2022.
             Killed from afar by a dart slug (2 damage)
             ... with a slug dart
             ... on level 2 of the Dungeon.
             The game lasted 00:02:52 (1361 turns).

Hasart the Bolt Thrower (Demigod Hunter)            Turns: 1361, Time: 00:02:53

Health: 0/29       AC:  3    Str: 13    XL:     3   Next: 47%
Magic:  5/5        EV: 12    Int: 13    God:
Gold:   51         SH:  0    Dex: 18    Spells: 2/2 levels left

rFire   . . .      SeeInvis .   a - +1 hand crossbow
rCold   . . .      Faith    .   (no shield)
rNeg    . . .      Spirit   .   b - +0 leather armour
rPois   .          Reflect  .   (no helmet)
rElec   .          Harm     .   (no cloak)
rCorr   .          Rampage  .   (no gloves)
Will    .....                   (no boots)
Stlth   ++........              (no amulet)
HPRegen 0.09/turn               (no ring)
MPRegen 0.09/turn               (no ring)

@: no status effects
A: high MP 1, forlorn, divine attributes
a: no special abilities


You were on level 2 of the Dungeon.
You visited 1 branch of the dungeon, and saw 2 of its levels.

You collected 51 gold pieces.

Inventory:

Hand Weapons
 a - a +1 hand crossbow (weapon)
Armour
 b - a +0 leather armour (worn)
Scrolls
 c - a scroll of noise {unknown}
 e - a scroll of brand weapon {unknown}
 f - a scroll of vulnerability {unknown}
 g - a scroll of holy word {unknown}
 h - a scroll of enchant armour {unknown}
 i - a scroll of immolation {unknown}
Potions
 d - a potion of flight {unknown}
 j - a potion of degeneration {unknown}


   Skills:
 + Level 2.2 Fighting
 * Level 4.2 Crossbows
 + Level 2.2 Dodging
 + Level 1.7 Stealth


You had 2 spell levels left.
You didn't know any spells.
Your spell library contained the following spells:

 Spells                   Type           Power      Damage    Failure   Level
 Apportation              Tloc           0%         N/A       36%         1
 Alistair's Intoxication  Tmut/Pois      0%         N/A       100%        5


Dungeon Overview and Level Annotations

Branches:
Dungeon (2/15)


Innate Abilities, Weirdness & Mutations

You have an increased reservoir of magic. (+10% MP)
You shall have no god before yourself.
Your divine heritage dramatically boosts your attributes as you level up.


Message History

Shoot: a) +1 hand crossbow
Press: ? - help, Q - select action Shift-Dir - straight line, f/p - gnoll
Aim: a gnoll, wielding a +0 club (heavily wounded, 69% to hit)
You shoot a bolt. The bolt closely misses the gnoll.
The dart slug bites you but does no damage.
The gnoll closely misses you.
Unknown command.
Shoot: a) +1 hand crossbow
Press: ? - help, Q - select action Shift-Dir - straight line, f/p - gnoll
Aim: a gnoll, wielding a +0 club (heavily wounded, 69% to hit)
You shoot a bolt. The bolt hits the gnoll.
The gnoll is almost dead.
The gnoll hits you with a +0 club.
* * * LOW HITPOINT WARNING * * *
The dart slug barely misses you.
Unknown command.
Shoot: a) +1 hand crossbow
Press: ? - help, Q - select action Shift-Dir - straight line, f/p - gnoll
Aim: a gnoll, wielding a +0 club (severely wounded, 69% to hit)
You shoot a bolt. The bolt hits the gnoll.
You kill the gnoll!
The dart slug launches a dart at you. The slug dart misses you.
Unknown command.
Shoot: a) +1 hand crossbow
Press: ? - help, Q - select action Shift-Dir - straight line, f - dart slug
Aim: a dart slug (94% to hit)
You shoot a bolt. The bolt hits the dart slug.
The dart slug is lightly wounded.
The dart slug launches a dart at you. The slug dart misses you.
Unknown command.
Shoot: a) +1 hand crossbow
Press: ? - help, Q - select action Shift-Dir - straight line, f/p - dart slug
Aim: a dart slug (lightly wounded, 94% to hit)
You shoot a bolt. The bolt hits the dart slug.
The dart slug is heavily wounded.
The dart slug launches a dart at you. The slug dart hits you.
You die...

#.....#. ♣.♣## #.......
♣.♣.# ##...#.## ♣.♣.#
#.......# ♣.♣.#
###.......# #.<.#
#.......†.#
#.####...#####.#.##..#.#
#..............#.....#.#
.......@..........#.....
#.$...w<.†.....#.......#
#.####.†.#####.#.......#
#...# #.......## #.).#
######.## #...# .# #...#
. ...##


You could see a dart slug.

Vanquished Creatures
  3 gnolls (D:2)
  3 bats (D:1)
  3 endoplasms (D:1)
  2 goblins (D:1)
  A hobgoblin (D:1)
  3 jackals (D:1)
  2 kobolds
  3 quokkas
  2 ball pythons
  A frilled lizard (D:2)
  3 rats
26 creatures vanquished.

Vanquished Creatures (others)
  3 plants (D:1)
3 creatures vanquished.

Grand Total: 29 creatures vanquished

Notes
Turn   | Place    | Note
-------+----------+-------------------------------------------
     0 | D:1      | Hasart the Demigod Hunter began the quest for the Orb.
     0 | D:1      | Reached XP level 1. HP: 17/17 MP: 3/3
    16 | D:1      | Reached skill level 1 in Stealth
   231 | D:1      | Reached XP level 2. HP: 24/24 MP: 4/4
  1264 | D:2      | Reached skill level 4 in Crossbows
  1347 | D:2      | Reached XP level 3. HP: 29/29 MP: 5/5
  1361 | D:2      | Killed from afar by a dart slug

Illustrated notes

Levels and vault maps discovered:
D:1:      dpeg_arrival_radiant, layout_loops_ring,
          hellmonk_ecumenical_altar_zigzags, serial_forest,
          infiniplex_forest_lined_2, infiniplex_forest_straight_3,
          infiniplex_forest_lined_2, infiniplex_forest_end_2,
          infiniplex_forest_corner_1, infiniplex_forest_split,
          infiniplex_forest_clump_cross, infiniplex_forest_straight_3,
          infiniplex_forest_clump_medium
D:2:      layout_loops_cross, serial_forest, infiniplex_forest_straight_5,
          infiniplex_forest_clump_curved, infiniplex_forest_clump_curved,
          infiniplex_forest_end_1, infiniplex_forest_lined_4_way,
          infiniplex_forest_straight_2, minivault_25, grunt_ministairs_2,
          amcnicky_mini_corridor_feature, lemuel_flame_loot_1

Skill      XL: |  1  2 |
---------------+-------+-----
Stealth        | 1 |  1.7
Fighting       | 2 |  2.2
Dodging        | 2 |  2.2
Crossbows      | 4 |  4.2

Action                   || total
-------------------------++-------
Melee: Hand crossbow     ||   142
       Punch             ||     7
 Fire: Hand crossbow     ||    80
Armor: Leather armour    ||     4
Dodge: Dodged            ||    17

Table legend: (Time is in decaauts)
 A = Elapsed time spent in this place.
 B = Non-inter-level travel time spent in this place.
 C = Inter-level travel time spent in this place.
 D = Time resting spent in this place.
 E = Time spent auto-exploring this place.
 F = Levels seen in this place.
 G = Mean time per level.
                   A        B        C        D        E       F      G
               +--------+--------+--------+--------+--------+-----+--------+
         Total |   1431 |   1417 |     14 |      3 |   1029 |   2 |  715.5 |
       Dungeon |   1431 |   1417 |     14 |      3 |   1029 |   2 |  715.5 |
               +--------+--------+--------+--------+--------+-----+--------+

Top non-repeatable levels by time:
     D:1: 1209 daAuts
     D:2: 221 daAuts
